 Dungeon Crawl Stone Soup version 0.30-a0-739-gea05faddec (webtiles) character file.

Game seed: 4282173928337793146

139 MackTheKnife the Covered (level 5, 0/42 HPs)
             Began as a Formicid Wanderer on Feb 4, 2023.
             Was a Follower of Trog.
             Slain by a black bear (5 damage)
             ... on level 3 of the Dungeon.
             The game lasted 00:02:49 (1094 turns).

MackTheKnife the Covered (Formicid Wanderer)        Turns: 1094, Time: 00:02:50

Health: 0/42       AC:  4    Str: 15 (17) XL:     5   Next: 46%
Magic:  8/8        EV: 11    Int: 13      God:    Trog [*.....]
Gold:   124        SH:  0    Dex: 13      Spells: 7/8 levels left

rFire   . . .      SeeInvis +    a - +1 whip (elec) {mace}
rCold   . . .      Faith    .    (no shield)
rNeg    . . .      Spirit   .    c - +0 leather armour
rPois   +          Reflect  .    (helmet unavailable)
rElec   .          Harm     .    q - +0 cloak "Luelayzofe" {SInv}
rCorr   .          Rampage  .    (no gloves)
Will    .....                    (no boots)
Stlth   +                        (no amulet)
HPRegen 0.27/turn                m - ring of poison resistance
MPRegen 0.11/turn                (no ring)

@: brilliant, flying
A: permanent stasis, dig shafts and tunnels, antennae 3, four strong arms
a: Dig, Shaft Self, Renounce Religion


You were on level 3 of the Dungeon.
You worshipped Trog.
Trog was aware of your devotion.
You visited 1 branch of the dungeon, and saw 3 of its levels.

You collected 124 gold pieces.


Innate Abilities, Weirdness & Mutations

You cannot be hasted, slowed, berserked, paralysed or teleported.
You can dig through walls and to a lower floor.
You have a pair of large antennae on your head. (SInv)
Your four strong arms can wield two-handed weapons with a shield.


   Skills:
 + Level 3.8 Fighting
 - Level 2.0 Ranged Weapons
 + Level 3.8 Armour
 - Level 2.1 Spellcasting
 - Level 3.6 Hexes
 - Level 1.1 Evocations


You had 7 spell levels left.
You knew the following spells:

 Your Spells              Type           Power      Damage    Failure   Level
a - Slow                  Hex            64%        N/A       7%          1

Your spell library contained the following spells:

 Spells                   Type           Power      Damage    Failure   Level
 Tukima's Dance           Hex            16%        N/A       21%         3
 Dazzling Flash           Conj/Hex       18%        N/A       41%         3
 Passage of Golubria      Tloc           2%         N/A       97%         4
 Yara's Violent Unravell  Hex/Tmut       4%         3d4       99%         5

Inventory:

Hand Weapons
 a - a +1 whip of electrocution (weapon) {mace}
   (You took it off a kobold on level 1 of the Dungeon)
 b - a +3 sling
Missiles
 g - a stone {throwing}
 k - 3 poisoned darts {throwing}
Armour
 c - a +0 leather armour (worn)
 q - the +0 cloak "Luelayzofe" (worn) {SInv}
   (You found it on level 2 of the Dungeon)

   SInv:      It lets you see invisible.
Jewellery
 m - a ring of poison resistance (left hand)
   (You found it on level 1 of the Dungeon)
Wands
 n - a wand of flame (26)
   (You found it on level 2 of the Dungeon)
Scrolls
 d - 2 scrolls of teleportation {unknown}
 f - a scroll of fog
 i - 2 scrolls of poison {unknown}
 o - a scroll of enchant armour {unknown}
 s - a scroll of identify {unknown}
Potions
 e - a potion of haste {@q3}
 j - a potion of curing {@q1}
 l - a potion of magic

Dungeon Overview and Level Annotations

Branches:
Dungeon (3/15) Zot: 16874

Altars:
Trog

Shops:
D:2

[*[* ..
#....#.##..# .
#.###....##
#.#.#.##..#
.###.##..##.#..#
.<....##....##..
#...##.#..#
##..#.##..#
###....##..
#@#.##..#.#
##h.##.#..#
##....# .
#..##.#[.# #..
.##..# ###.. #..
#.# .## ..# #.
##.. .


You could see a black bear.


Message History

You take 3 damage, and now have 16/35 hp.
It was a potion of curing.
You feel better.
The phantom closely misses you. 😮 HP[+10]
You regained 10 hp, and now have 26/35 hp.
It was a potion of magic.
Magic courses through your body. The phantom hits you. 😮 HP[-3]
You take 3 damage, and now have 23/35 hp.
It was a potion of flight.
You feel very buoyant.
You fly up into the air.
The phantom barely misses you.
It was a potion of degeneration.
There was something very wrong with that liquid.
You feel weakened.
You feel dopey.
You feel clumsy. The phantom closely misses you.
It was a potion of brilliance.
You feel clever all of a sudden.
The phantom closely misses you. 😮 HP[+1]
You closely miss the phantom.
The phantom hits you but does no damage.
You miss the phantom. The phantom hits you. 😮 HP[-1]
You take 1 damage, and now have 23/35 hp.
You closely miss the phantom. The phantom barely misses you.
You hit the phantom. Lightning courses through the phantom!
The phantom closely misses you. 😮 HP[+1]
You closely miss the phantom. The phantom closely misses you.
The phantom hits you. 😮 HP[-2]
You take 2 damage, and now have 22/35 hp.
You closely miss the phantom. The phantom closely misses you.
You closely miss the phantom.
The phantom hits you but does no damage.
You miss the phantom. The phantom barely misses you. 😮 HP[+1]
You hit the phantom.
You destroy the phantom!
Trog accepts your kill.
You feel your intelligence returning.
You feel your dexterity returning.
You have reached level 5! 😮 HP[+5] MP[+1]
You now have 42 max hp (+7).
You regained 5 hp, and now have 28/42 hp.
Your mp is fully restored (8).
You hit the worm. The worm bites you. 😮 HP[-3]
You take 3 damage, and now have 25/42 hp.
You hit the worm. Lightning courses through the worm!!
You kill the worm!
Trog accepts your kill.
You whack the black bear! The black bear bites you.
* * * LOW HITPOINT WARNING * * *
The black bear claws you.
* * * LOW HITPOINT WARNING * * *
The black bear claws you.
* * * LOW HITPOINT WARNING * * *
😨 HP[-6]
You take 6 damage, and now have 19/42 hp.
Casting: Slow (safe; 7% risk of failure)
Confirm with . or Enter, or press ? or * to list all spells.
Casting this spell will place you under penance.
Really cast?
Okay, then.
Casting: Slow (safe; 7% risk of failure)
Confirm with . or Enter, or press ? or * to list all spells.
Okay, then.
Unknown command.
Casting: Slow (safe; 7% risk of failure)
Confirm with . or Enter, or press ? or * to list all spells.
Casting this spell will place you under penance.
Really cast?
Okay, then.
Unknown command.
You hit the black bear. The black bear closely misses you.
The black bear claws you.
* * * LOW HITPOINT WARNING * * *
The black bear barely misses you. 😨 HP[-4]
You take 4 damage, and now have 15/42 hp.
You hit the black bear but do no damage.
The black bear bites you but does no damage.
The black bear claws you but does no damage.
The black bear claws you.
* * * LOW HITPOINT WARNING * * *
😨 HP[-2]
You take 2 damage, and now have 13/42 hp.
You hit the black bear. The black bear closely misses you.
The black bear barely misses you. x2; The black bear bites you.
* * * LOW HITPOINT WARNING * * *
The black bear claws you but does no damage.
The black bear barely misses you. 😱 HP[-3]
You take 3 damage, and now have 10/42 hp.
You hit the black bear. The black bear bites you.
* * * LOW HITPOINT WARNING * * *
The black bear claws you but does no damage. x2 😱 HP[-5]
You take 5 damage, and now have 5/42 hp.
You hit the black bear. The black bear bites you.
You die...

Skill      XL: |  1  2  3  4 |
---------------+-------------+-----
Armour         | 2 3 |  3.8
Fighting       | 2 3 |  3.8
Ranged Weapons | |  2.0
Spellcasting   | |  2.1
Hexes          | |  3.6
Evocations     | |  1.1

Action                     |  1- 3 |  4- 6 || total
---------------------------+-------+-------++-------
  Melee: Whip              |     2 |    23 ||    25
   Fire: Sling             |    77 |    18 ||    95
   Cast: Slow              |     5 |       ||     5
    Use: Potion            |       |     6 ||     6
 Armour: Leather armour    |     8 |    10 ||    18
  Dodge: Dodged            |    18 |    25 ||    43

Levels and vault maps discovered:
D:1:      dpeg_arrival_tiny_a, layout_basic, corexii_leaking_fountain
D:2:      layout_rooms, ebering_ecumenical_altar_sacrificial, serial_shops,
          nicolae_lakefront_shop, nicolae_square_shop, shop,
          nicolae_shop_temple_entry_statues_fountains, corexii_corridor_pit,
          cheibrodos_gnoll_hut
D:3:      layout_loops_ring, zin_angel, nicolae_overflow_ecumenical_swirl,
          nicolae_hepliaklqana_ecumenical_no_more, serial_shops, shop,
          nicolae_eternal_life, minmay_goblin_kobold_house

Notes
Turn   | Place    | Note
-------+----------+-------------------------------------------
     0 | D:1      | MackTheKnife the Formicid Wanderer began the quest for the
                  | Orb.
     0 | D:1      | MackTheKnife set off with the following items: a +3 sling,
                  | a scroll of fog, a +0 leather armour; and the following
                  | spell memorised: Slow; and the following spells available
                  | to memorise: Dazzling Flash.
     0 | D:1      | Reached XP level 1. HP: 15/15 MP: 3/3
     0 | D:1      | magus.rc [v1.9.6]
   102 | D:1      | Reached skill level 2 in Armour
   102 | D:1      | Reached XP level 2. HP: 15/22 MP: 0/5
   159 | D:1      | Reached skill level 2 in Fighting
   318 | D:1      | Reached XP level 3. HP: 27/27 MP: 6/6
   359 | D:1      | You add the spells Tukima's Dance, Passage of Golubria and
                  | Yara's Violent Unravelling to your library.
   552 | D:1      | magus.rc [v1.9.6]
   616 | D:2      | Found a faded altar of an unknown god.
   632 | D:2      | Prayed at the altar of an unknown god.
   632 | D:2      | Became a worshipper of Trog the Wrathful
   632 | D:2      | Reached * piety under Trog
   663 | D:2      | Found Jeohah's Armour Shop.
   730 | D:2      | Found Uxughudd's Antique Armour Emporium.
   769 | D:2      | Identified the +0 cloak "Luelayzofe" {SInv}
   877 | D:2      | Found Ogaenoh's Assorted Antiques.
   881 | D:2      | Reached XP level 4. HP: 34/34 MP: 7/7
   892 | D:2      | Found Xuilutiu's General Store.
   951 | D:2      | Reached skill level 3 in Fighting
   951 | D:2      | Reached skill level 3 in Armour
  1058 | D:3      | Noticed a phantom
  1062 | D:3      | Noticed a black bear
  1086 | D:3      | Killed a phantom
  1087 | D:3      | Reached XP level 5. HP: 28/42 MP: 8/8
  1092 | D:3      | HP: 10/42 [black bear (3)]
  1094 | D:3      | Slain by a black bear

Vanquished Creatures
  A phantom (D:3)
  2 gnolls
  An adder (D:2)
  A worm (D:3)
  6 ball pythons
  A bat (D:1)
  6 endoplasms
  A hobgoblin (D:1)
  2 jackals (D:2)
  3 quokkas (D:2)
  A frilled lizard (D:2)
  3 goblins (D:1)
  2 kobolds
  5 rats
35 creatures vanquished.

Table legend:
 A = Non-vault XP
 B = Vault XP
 C = Vault XP percentage of total XP
 D = Non-vault monster count
 E = Vault monster count
 F = Vault count percentage of total count
                 A         B        C        D         E       F
            +---------+---------+-------+---------+---------+-------
      Total |     180 |      19 |   9.5 |      32 |       3 |   8.6
            +---------+---------+-------+---------+---------+-------
        D:1 |      37 |       0 |   0.0 |      15 |       0 |   0.0
        D:2 |      32 |      19 |  37.3 |      13 |       3 |  18.8
        D:3 |     111 |       0 |   0.0 |       4 |       0 |   0.0
            +---------+---------+-------+---------+---------+-------

Illustrated notes

Table legend:
 A = Kills in this place as a percentage of kills in entire the game.
 B = Kills by you in this place as a percentage of kills by you in the entire game.
 C = Kills by friends in this place as a percentage of kills by friends in the entire game.
 D = Other kills in this place as a percentage of other kills in the entire game.
 E = Experience gained in this place as a percentage of experience gained in the entire game.
 F = Experience gained in this place divided by the number of levels of this place that you have seen.
                   A       B       C       D       E      F
               +-------+-------+-------+-------+-------+----------------------
         Total | 100.0 | 100.0 |   N/A |   N/A | 100.0 |  66.3
       Dungeon | 100.0 | 100.0 |   N/A |   N/A | 100.0 |  66.3
               +-------+-------+-------+-------+-------+----------------------

Table legend: (Time is in decaauts)
 A = Elapsed time spent in this place.
 B = Non-inter-level travel time spent in this place.
 C = Inter-level travel time spent in this place.
 D = Time resting spent in this place.
 E = Time spent auto-exploring this place.
 F = Levels seen in this place.
 G = Mean time per level.
                   A        B        C        D        E       F      G
               +--------+--------+--------+--------+--------+-----+--------+
         Total |   1124 |   1079 |     45 |     80 |    744 |   3 |  374.7 |
       Dungeon |   1124 |   1079 |     45 |     80 |    744 |   3 |  374.7 |
               +--------+--------+--------+--------+--------+-----+--------+

Top non-repeatable levels by time:
     D:1: 593 daAuts
     D:2: 462 daAuts
     D:3: 68 daAuts
